 Dungeon Crawl Stone Soup version 0.19.1 (webtiles) character file.

100 markt42 the Conjurer (level 4, 0/24 HPs)
             Began as a Deep Elf Conjurer on Dec 10, 2016.
             Killed from afar by an orc wizard (14 damage)
             ... with a puff of frost
             ... on level 3 of the Dungeon.
             The game lasted 00:03:16 (2072 turns).

markt42 the Conjurer (Deep Elf Conjurer)            Turns: 2072, Time: 00:03:16

Health: 0/24       AC:  4    Str:  6    XL:     4   Next: 47%
Magic:  0/11       EV: 13    Int: 20    God:
Gold:   100        SH:  0    Dex: 17    Spells: 1 memorised, 9 levels left

rFire  . . .     SeeInvis .     (no weapon)
rCold  . . .     Gourm    .     a - +0 robe
rNeg   . . .     Faith    .     (no shield)
rPois  .         Spirit   .     k - +2 hat
rElec  .         Reflect  .     (no cloak)
rCorr  .         Harm     .     (no gloves)
MR     .....                    (no boots)
Stlth  ++........               (no amulet)
                                (no ring)
                                h - +2 ring of dexterity

@: no status effects
A: no striking features
a: no special abilities


You were on level 3 of the Dungeon.
You were very hungry.

You visited 1 branch of the dungeon, and saw 3 of its levels.

You collected 100 gold pieces.

Inventory:

Armour
 a - a +0 robe (worn)
 k - a +2 hat (worn)
Jewellery
 h - a +2 ring of dexterity (left hand)
Scrolls
 d - 4 scrolls of identify {unknown}
 e - a scroll of immolation {unknown}
 f - a scroll of remove curse {unknown}
Potions
 g - 2 potions of cancellation {unknown}
 i - a potion of flight {unknown}
 l - a potion of curing {unknown}
 m - a potion of agility {unknown}
Books
 b - a book of Conjurations

   Spells                             Type                      Level
   a - Magic Dart                     Conjuration                  1
   b - Searing Ray                    Conjuration                  2
   c - Dazzling Spray                 Conjuration/Hexes            3
   d - Fulminant Prism                Conjuration/Hexes            4
   e - Iskenderun's Mystic Blast      Conjuration                  4
   f - Iskenderun's Battlesphere      Conjuration/Charms           5
Comestibles
 c - 5 bread rations
 j - 2 meat rations


   Skills:
 + Level 2.6 Dodging
 + Level 2.6 Stealth
 * Level 3.8 Spellcasting
 * Level 6.0 Conjurations


You had 9 spell levels left.
You knew the following spells:

 Your Spells              Type           Power        Failure   Level  Hunger
a - Magic Dart            Conj           ####         1%          1    None


Dungeon Overview and Level Annotations

Branches:
Dungeon (3/15)

Altars:
Elyvilon
Makhleb
Nemelex Xobeh

Annotations:
D:3 Scuka's ghost, amateur CeHu


Message History

Confirm with . or Enter, or press ? or * to list all spells.
You don't have enough magic to cast that spell.
Unknown command.
Casting: Magic Dart
Confirm with . or Enter, or press ? or * to list all spells.
You don't have enough magic to cast that spell.
Unknown command.
You see here a tomahawk.
Casting: Magic Dart
Confirm with . or Enter, or press ? or * to list all spells.
Aiming: Magic Dart
Press: ? - help, Shift-Dir - straight line, f/p - orc wizard
Aim: an orc wizard, wielding a dagger and wearing a robe (almost dead)
The magic dart hits the orc wizard.
The orc wizard is almost dead.
There is a stone staircase leading up here.
The orc wizard gestures at you while chanting.
The puff of frost hits you!
Ouch! That really hurt!
You die...

#.#.#####
#.##.# #.#.#
#.# .# #.#)#
#.# #
#.#.#######.#
#...........#
###.########
#.#
#.#########.##
#@.(o...).).).
###########...


You could see an orc wizard.

Vanquished Creatures
  Terence (D:2)
  An adder (D:2)
  5 dart slugs
  4 leopard geckos
  3 orcs (D:3)
  A ball python (D:1)
  5 giant cockroaches
  3 goblins
  6 hobgoblins
  4 kobolds
  3 quokkas
  3 bats
  3 frilled lizards
  5 rats
47 creatures vanquished.

Notes
Turn   | Place    | Note
-------+----------+-------------------------------------------
     0 | D:1      | markt42 the Deep Elf Conjurer began the quest for the Orb.
     0 | D:1      | Reached XP level 1. HP: 10/10 MP: 6/6
   340 | D:1      | Reached XP level 2. HP: 15/15 MP: 6/8
   405 | D:1      | Reached skill level 5 in Conjurations
   917 | D:2      | Reached XP level 3. HP: 15/19 MP: 4/9
  1024 | D:2      | Noticed Terence
  1159 | D:2      | Killed Terence
  1445 | D:2      | Reached XP level 4. HP: 24/24 MP: 9/11
  1468 | D:2      | Found a white marble altar of Elyvilon.
  1557 | D:2      | Reached skill level 6 in Conjurations
  1879 | D:3      | Found a sparkling altar of Nemelex Xobeh.
  1888 | D:3      | Found a burning altar of Makhleb.
  1934 | D:3      | Noticed Scuka's ghost (amateur CeHu)
  2072 | D:3      | Killed from afar by an orc wizard

Skill      XL: |  1  2  3  4 |
---------------+-------------+-----
Conjurations   | 5 6 |  6.0
Dodging        | |  2.6
Stealth        | |  2.6
Spellcasting   | |  3.8

Action                   |  1- 3 |  4- 6 || total
-------------------------+-------+-------++-------
 Cast: Magic Dart        |    71 |    45 ||   116
  Eat: Chunk             |     1 |     1 ||     2
Armor: Robe              |     1 |     3 ||     4
Dodge: Dodged            |    17 |     9 ||    26
